 Dungeon Crawl Stone Soup version 0.26.1-2-gb8aa6d0cf2 (webtiles) character file.

Game seed: 3295649171488258560

128 H0rd4k the Charlatan (level 5, 0/38 HPs)
             Began as a Human Artificer on Mar 12, 2021.
             Killed from afar by a white imp (7 damage)
             ... with a puff of frost
             ... on level 3 of the Dungeon.
             The game lasted 00:03:14 (3872 turns).

H0rd4k the Charlatan (Human Artificer)              Turns: 3872, Time: 00:03:15

Health: 0/38       AC:  4    Str: 13    XL:     5   Next: 34%
Magic:  5/5        EV: 12    Int: 12    God:
Gold:   113        SH:  0    Dex: 13    Spells: 4/4 levels left

rFire    . . .     SeeInvis .   f - +0 dagger
rCold    . . .     Faith    .   (no shield)
rNeg     . . .     Spirit   .   b - +0 leather armour
rPois    .         Reflect  .   (no helmet)
rElec    .         Harm     .   (no cloak)
rCorr    .         Rampage  .   (no gloves)
Will     .....                  i - +0 pair of boots
Stlth    +.........             (no amulet)
HPRegen  0.12/turn              (no ring)
MPRegen  0.09/turn              (no ring)

@: no status effects
A: no striking features
a: no special abilities


You were on level 3 of the Dungeon.
You visited 1 branch of the dungeon, and saw 3 of its levels.

You collected 113 gold pieces.

Inventory:

Hand Weapons
 f - a +0 dagger (weapon)
Armour
 b - a +0 leather armour (worn)
 i - a +0 pair of boots (worn)
Jewellery
 k - a cursed amulet of inaccuracy {unknown}
 n - a cursed -4 ring of evasion {unknown}
Wands
 d - a wand of enslavement (12)
 e - a wand of random effects (36)
Scrolls
 c - a scroll of enchant weapon {unknown}
 h - 5 scrolls of identify
 m - a scroll of random uselessness {unknown}
 o - 3 scrolls of remove curse {unknown}
 p - a scroll of teleportation {unknown}
Potions
 a - 2 potions of magic {unknown}
 g - 2 potions of haste
 j - a potion of flight
 l - 2 potions of attraction {unknown}


   Skills:
 + Level 1.8 Fighting
 + Level 2.0 Short Blades
 + Level 2.9 Armour
 + Level 2.0 Dodging
 + Level 1.1 Stealth
 + Level 3.7 Evocations


You had 4 spell levels left.
You didn't know any spells.
Your spell library contained the following spells:

 Spells                   Type           Power        Failure   Level
 Beastly Appendage        Tmut           0%           38%         1
 Wereblood                Tmut           0%           54%         2
 Spider Form              Tmut/Pois      0%           77%         3
 Ice Form                 Ice/Tmut       0%           99%         4
 Blade Hands              Tmut           0%           100%        5


Dungeon Overview and Level Annotations

Branches:
Dungeon (3/15)

Altars:
Wu Jian

Annotations:
D:2 Natasha


Message History

The puff of frost hits you.
You hit the white imp but do no damage.
The white imp is moderately wounded.
You hit the white imp but do no damage.
The white imp is moderately wounded.
The white imp gestures at you. The puff of frost hits you.
You hit the white imp.
The white imp is moderately wounded.
The white imp gestures at you. The puff of frost hits you!
* * * LOW HITPOINT WARNING * * *
You hit the white imp.
The white imp is heavily wounded.
The white imp misses you.
You hit the white imp but do no damage.
The white imp is heavily wounded.
The white imp gestures at you. The puff of frost hits you!
You die...

#.....##(###......#
w #.....##.#
#......# ..
'.รท......#
#......# ...
#....##### #......#
.... #....#
##+###.# .....
#....# # #.#......
#....#
.###.###........
######
........#......#
.......@#..###..
.......5#..#
........#.>#
........##.#
........# ..
........# ##
####..... #####.


You could see a white imp.

Vanquished Creatures
  A centaur skeleton (D:3)
  Natasha (twice) (D:2)
  An adder (D:2)
  3 worms (D:2)
  A dart slug (D:1)
  A leopard gecko (D:1)
  2 orcs (D:3)
  2 giant cockroaches (D:3)
  4 hobgoblins
  3 jackals (D:1)
  A kobold (D:1)
  A quokka (D:3)
  A ball python (D:2)
  4 bats
  2 frilled lizards
  7 goblins
  3 rats (D:1)
39 creatures vanquished.

Vanquished Creatures (collateral kills)
  A hobgoblin (D:3)
1 creature vanquished.

Vanquished Creatures (others)
  A kobold (D:3)
1 creature vanquished.

Grand Total: 41 creatures vanquished

Notes
Turn   | Place    | Note
-------+----------+-------------------------------------------
     0 | D:1      | H0rd4k the Human Artificer began the quest for the Orb.
     0 | D:1      | Reached XP level 1. HP: 15/15 MP: 1/1
   470 | D:1      | Reached XP level 2. HP: 11/21 MP: 2/2
  1183 | D:1      | You fall into a shaft and drop 1 floor!
  1456 | D:2      | Reached XP level 3. HP: 26/26 MP: 3/3
  2019 | D:1      | Reached skill level 1 in Short Blades
  2490 | D:2      | Noticed Natasha
  2498 | D:2      | Killed Natasha
  2499 | D:2      | Reached XP level 4. HP: 27/32 MP: 4/4
  2728 | D:2      | Noticed Natasha
  2757 | D:2      | Killed Natasha
  2758 | D:2      | Reached XP level 5. HP: 20/37 MP: 5/5
  2989 | D:2      | Noticed Natasha
  2993 | D:2      | You fall into a shaft and drop 1 floor!
  3676 | D:3      | Found an ornate altar of the Wu Jian Council.
  3872 | D:3      | Killed from afar by a white imp

Illustrated notes

Levels and vault maps discovered:
D:1:      minmay_arrival_plants_in_alcoves, layout_loops_corners
D:2:      layout_basic, uniq_natasha
D:3:      layout_basic, pdpol_wu_jian_five_deadly_venoms

Skill      XL: |  1  2  3  4  5 |
---------------+----------------+-----
Short Blades   | 1 2 |  2.0
Dodging        | 2 |  2.0
Fighting       | |  1.8
Armour         | |  2.9
Stealth        | |  1.1
Evocations     | |  3.7

Action                   |  1- 3 |  4- 6 || total
-------------------------+-------+-------++-------
Melee: Club              |    35 |       ||    35
       Dagger            |    94 |   117 ||   211
Evoke: Wand              |    18 |     4 ||    22
  Use: Potion            |     2 |     1 ||     3
       Scroll            |       |     2 ||     2
Armor: Leather armour    |    19 |    20 ||    39
Dodge: Dodged            |    84 |    56 ||   140
